AoeStats
← 小肥猪

Nomad

503394734Analyzed
4v4 RM · 1mo ago on Aug 31, 2026· 25m 42s· 8 players
Game mode
Random Map
Map size
231×231
Population
200
Speed
Normal
Resources
Standard
Victory
Conquest
Starting age
Dark Age
Ending age
Imperial Age
RankedLock teamsTeams togetherTeam positionsShared explorationLock speedFull tech treeHidden civsTurbo modeCheats
Victory
Defeat
🇺🇸 Spanish · United States
1480
+12
🇹🇭 Khitans · Thailand
1434
+14
🇮🇳 Dravidians · India
1394
+16
🇦🇷 Persians · Argentina
1346
+18
🇦🇷 Malay · Argentina
1507
-20
🇨🇳 Koreans · China
1407
-16
🇨🇭 Bulgarians · Switzerland
1361
-14
1299
-11
Mezsar
4:10 Loom
15:33 Feudal Age
17:01 Wheelbarrow
16:12 Double-Bit Axe
20:09 Castle Age
18:56 Gold Mining
19:09 Fletching
20:20 Stone Mining
20:30 Town Watch
21:01 Medium Warships
21:02 Bodkin Arrow
20:54 Horse Collar
21:44 Bow Saw
21:36 Pikeman
23:43 Thumb Ring
24:54 Heavy Plow
25:21 Fishing Lines
倒挂着的树枝
6:16 Loom
14:13 Feudal Age
15:20 Double-Bit Axe
18:19 Castle Age
16:11 Fishing Lines
17:15 Stone Mining
17:55 Gold Mining
19:24 Bow Saw
20:05 Wheelbarrow
20:55 Town Watch
21:32 Horse Collar
21:58 Fletching
24:55 Bodkin Arrow
25:08 Heavy Plow
小肥猪
5:00 Loom
14:47 Feudal Age
18:47 Castle Age
18:24 Double-Bit Axe
24:13 Horse Collar
503058320
13:28 Feudal Age
17:30 Castle Age
16:04 Double-Bit Axe
16:45 Loom
16:56 Fletching
16:59 Gold Mining
17:03 Fishing Lines
19:38 Bow Saw
19:35 Fletching
20:37 Padded Archer Armor
21:28 Wheelbarrow
25:24 Husbandry
灯窝森曾瑞卜药方松滴
8:41 Loom
13:13 Feudal Age
14:20 Town Watch
16:56 Castle Age
16:01 Double-Bit Axe
16:04 Horse Collar
18:26 Bow Saw
20:32 Crossbowman
21:31 Fletching
21:42 Padded Archer Armor
Reis
5:24 Loom
12:36 Feudal Age
17:53 Castle Age
16:36 Fishing Lines
17:13 Double-Bit Axe
21:44 Wheelbarrow
22:01 Fletching
22:57 Bodkin Arrow
帝国孙笑川
4:52 Loom
15:02 Feudal Age
19:43 Castle Age
19:57 Double-Bit Axe
22:47 Horse Collar
24:22 Fletching
~BroKen~
4:47 Loom
14:44 Feudal Age
21:03 Castle Age
18:51 Double-Bit Axe
19:28 Horse Collar
20:21 Scale Barding Armor
20:26 Forging
20:54 Wheelbarrow
20:05 Town Watch
21:11 Bow Saw
21:42 Husbandry
24:38 Gold Mining
Connection lost

Rejoining the realm…

Still unreachable

The connection could not be restored.

Session expired

The server has moved on; the page needs a fresh start.